TOP OF THE 1ST |
Chicago White Sox batting - Pitching for Montreal Expos : LHP Brian White
|
Pitching: LHP Brian White
|
|
Batting: RHB Steve Castleberry
|
0-0: Ball 1-0: Foul Ball, location: 2F 1-1: Foul Ball, location: 2F 1-2: Foul Ball, location: 2F 1-2: Fly out, F3 (Popup, 23F, EV 81.2 MPH)
|
Batting: RHB Dieter Knoops
|
0-0: Ball 1-0: Ball 2-0: Swinging Strike 2-1: Foul Ball, location: 2F 2-2: Foul Ball, location: 2F 2-2: Ground out 5-3 (Groundball, 56S, EV 68.8 MPH)
|
Batting: RHB Joseph Disepolo
|
0-0: Ball 1-0: Ball 2-0: SOLO HOME RUN (Flyball, 9D, EV 97.5 MPH), Distance : 375 ft
|
Batting: LHB Randy Rosenberry
|
0-0: Called Strike 0-1: SINGLE (Groundball, 34D, EV 95.0 MPH)
|
Batting: RHB Chris Cooper
|
0-0: Ball Randy Rosenberry steals 2nd base 1-0: Ball 2-0: Ground out 4-3 (Groundball, 4, EV 77.5 MPH)
|
Top of the 1st over - 1 run, 2 hits, 0 errors, 1 left on base; Chicago 1 - Montreal 0 |
BOTTOM OF THE 1ST |
Montreal Expos batting - Pitching for Chicago White Sox : RHP Kevin Woods
|
Pitching: RHP Kevin Woods
|
|
Batting: SHB Bran Stark
|
0-0: Ball 1-0: Swinging Strike 1-1: Called Strike 1-2: Ground out 4-3 (Groundball, 4, EV 81.2 MPH)
|
Batting: RHB Hugo Bautista
|
0-0: Ball 1-0: Foul Ball, location: 2F 1-1: Called Strike 1-2: Strikes out swinging
|
Batting: RHB Mike Salmon
|
0-0: Called Strike 0-1: Ball 1-1: Ball 2-1: Foul Ball, location: 2F 2-2: Ball 3-2: Foul Ball, location: 2F 3-2: Ground out 6-3 (Groundball, 6, EV 77.5 MPH)
|
Bottom of the 1st over - 0 runs, 0 hits, 0 errors, 0 left on base; Chicago 1 - Montreal 0 |
TOP OF THE 2ND |
Chicago White Sox batting - Pitching for Montreal Expos : LHP Brian White
|
Batting: RHB Jason Moss
|
0-0: Called Strike 0-1: Called Strike 0-2: Ball 1-2: Strikes out swinging
|
Batting: SHB Eduardo Maldonado
|
0-0: Ball 1-0: DOUBLE (Line Drive, 78D, EV 101.2 MPH)
|
Batting: RHB Charles Marcel
|
0-0: Fly out, F1 (Popup, P, EV 83.1 MPH)
|
Batting: LHB Antonio Figueroa
|
0-0: Ball 1-0: Foul Ball, location: 2F 1-1: Swinging Strike 1-2: Foul Ball, location: 2F 1-2: Fly out, F5 (Popup, 5SF, EV 77.5 MPH)
|
Top of the 2nd over - 0 runs, 1 hit, 0 errors, 1 left on base; Chicago 1 - Montreal 0 |
BOTTOM OF THE 2ND |
Montreal Expos batting - Pitching for Chicago White Sox : RHP Kevin Woods
|
Batting: LHB Austin Ohmer
|
0-0: Called Strike 0-1: SINGLE (Line Drive, 8LS, EV 92.5 MPH)
|
Batting: RHB John Ham
|
0-0: Ball 1-0: Ball 2-0: Foul Ball, location: 2F 2-1: Called Strike Austin Ohmer steals 2nd base (no throw) 2-2: Ground out 5-3 (Groundball, 5, EV 100.6 MPH)
|
Batting: LHB Jimmy Buscemi
|
0-0: Called Strike 0-1: Swinging Strike 0-2: Ball 1-2: Ball 2-2: Foul Ball, location: 2F 2-2: SINGLE (Groundball, 56, EV 103.1 MPH) Austin Ohmer to third Runner from 3rd tries for Home, SAFE, throw by LF to home
|
Batting: RHB Robby Juarez
|
0-0: Hit by Pitch Jimmy Buscemi to second
|
Batting: LHB Steve Anderson
|
0-0: Ball 1-0: SINGLE (Line Drive, 34D, EV 107.5 MPH) Jimmy Buscemi to third Robby Juarez to second
|
Batting: RHB Eugênio Asceno
|
0-0: Ball 1-0: Fly out, F8 (Line Drive, 8LM, EV 100.0 MPH)
|
Batting: SHB Bran Stark
|
0-0: Ball 1-0: Foul Ball, location: 2F 1-1: Foul Ball, location: 2F 1-2: Foul Ball, location: 2F 1-2: Strikes out looking
|
Bottom of the 2nd over - 1 run, 3 hits, 0 errors, 3 left on base; Chicago 1 - Montreal 1 |
TOP OF THE 3RD |
Chicago White Sox batting - Pitching for Montreal Expos : LHP Brian White
|
Batting: RHB Steve Castleberry
|
0-0: Called Strike 0-1: Ball 1-1: Ball 2-1: Swinging Strike 2-2: Ball 3-2: Fly out, F8 (Flyball, 8RD, EV 103.1 MPH)
|
Batting: RHB Dieter Knoops
|
0-0: SOLO HOME RUN (Flyball, 9LD, EV 93.1 MPH), Distance : 352 ft
|
Batting: RHB Joseph Disepolo
|
0-0: Called Strike 0-1: Ball 1-1: Ball 2-1: Fly out, F9 (Flyball, 89D, EV 88.1 MPH)
|
Batting: LHB Randy Rosenberry
|
0-0: Ball 1-0: Swinging Strike 1-1: Foul Ball, location: 2F 1-2: Strikes out looking
|
Top of the 3rd over - 1 run, 1 hit, 0 errors, 0 left on base; Chicago 2 - Montreal 1 |
BOTTOM OF THE 3RD |
Montreal Expos batting - Pitching for Chicago White Sox : RHP Kevin Woods
|
Batting: RHB Hugo Bautista
|
0-0: Ball 1-0: SOLO HOME RUN (Flyball, 78XD, EV 98.8 MPH), Distance : 381 ft
|
Batting: RHB Mike Salmon
|
0-0: Called Strike 0-1: Ball 1-1: Ball 2-1: Ball 3-1: Fly out, F4 (Flyball, 34D, EV 83.8 MPH)
|
Batting: LHB Austin Ohmer
|
0-0: Ground out 4-3 (Groundball, 4, EV 82.5 MPH)
|
Batting: RHB John Ham
|
0-0: Ball 1-0: Ball 2-0: SINGLE (Groundball, 34D, EV 96.2 MPH)
|
Batting: LHB Jimmy Buscemi
|
0-0: Ball 1-0: Called Strike 1-1: Ball 2-1: Foul Ball, location: 2F 2-2: Strikes out swinging
|
Bottom of the 3rd over - 1 run, 2 hits, 0 errors, 1 left on base; Chicago 2 - Montreal 2 |
TOP OF THE 4TH |
Chicago White Sox batting - Pitching for Montreal Expos : LHP Brian White
|
Batting: RHB Chris Cooper
|
0-0: Called Strike 0-1: Swinging Strike 0-2: Ball 1-2: Fly out, F4 (Flyball, 34D, EV 82.5 MPH)
|
Batting: RHB Jason Moss
|
0-0: Ground out 4-3 (Groundball, 4, EV 99.4 MPH)
|
Batting: SHB Eduardo Maldonado
|
0-0: Ball 1-0: Ground out U3 (Groundball, 34S, EV 91.2 MPH)
|
Top of the 4th over - 0 runs, 0 hits, 0 errors, 0 left on base; Chicago 2 - Montreal 2 |
BOTTOM OF THE 4TH |
Montreal Expos batting - Pitching for Chicago White Sox : RHP Kevin Woods
|
Batting: RHB Robby Juarez
|
0-0: Ball 1-0: SINGLE (Groundball, 6M, EV 103.1 MPH) (infield hit)
|
Batting: LHB Steve Anderson
|
0-0: Ball 1-0: Swinging Strike 1-1: Ball 2-1: Foul Ball, location: 2F 2-2: Foul Ball, location: 2F 2-2: Ball 3-2: Grounds into double play, 1-6-3 (Groundball, 13S, EV 68.8 MPH)
|
Batting: RHB Eugênio Asceno
|
0-0: Called Strike 0-1: Ball 1-1: Ball 2-1: Ball 3-1: Foul Ball, location: 2F 3-2: Foul Ball, location: 2F 3-2: Fly out, F8 (Line Drive, 8LM, EV 88.1 MPH)
|
Bottom of the 4th over - 0 runs, 1 hit, 0 errors, 0 left on base; Chicago 2 - Montreal 2 |
TOP OF THE 5TH |
Chicago White Sox batting - Pitching for Montreal Expos : LHP Brian White
|
Batting: RHB Charles Marcel
|
0-0: Called Strike 0-1: Ball 1-1: Foul Ball, location: 2F 1-2: Ball 2-2: Foul Ball, location: 2F 2-2: Foul Ball, location: 2F 2-2: Foul Ball, location: 2F 2-2: Ball 3-2: Foul Ball, location: 2F 3-2: Base on Balls
|
Batting: LHB Antonio Figueroa
|
0-0: Ball 1-0: Ball 2-0: SINGLE (Line Drive, 78M, EV 111.2 MPH) Charles Marcel to second
|
Batting: RHB Steve Castleberry
|
0-0: Fly out, F7 (Flyball, 7S, EV 91.2 MPH)
|
Batting: RHB Dieter Knoops
|
0-0: Ball 1-0: Swinging Strike 1-1: Ball 2-1: Foul Ball, location: 2F 2-2: Ball 3-2: Base on Balls Charles Marcel to third Antonio Figueroa to second
|
Batting: RHB Joseph Disepolo
|
0-0: Ball 1-0: Called Strike 1-1: Ball 2-1: Ball 3-1: Called Strike 3-2: Foul Ball, location: 2F 3-2: DOUBLE (Flyball, 78XD, EV 101.2 MPH) Charles Marcel scores Antonio Figueroa scores Dieter Knoops to third
|
Pitching: RHP Ben Sheets
|
|
Batting: LHB Randy Rosenberry
|
0-0: Fly out, F8 (Flyball, 8LS, EV 95.0 MPH)
|
Batting: RHB Chris Cooper
|
0-0: Ball 1-0: Called Strike 1-1: Foul Ball, location: 2F 1-2: Ball 2-2: Ground out 6-3 (Groundball, 6M, EV 95.0 MPH)
|
Top of the 5th over - 2 runs, 2 hits, 0 errors, 2 left on base; Chicago 4 - Montreal 2 |
BOTTOM OF THE 5TH |
Montreal Expos batting - Pitching for Chicago White Sox : RHP Kevin Woods
|
Batting: SHB Bran Stark
|
0-0: Called Strike 0-1: Foul Ball, location: 2F 0-2: Ball 1-2: Ball 2-2: Ball 3-2: Base on Balls
|
Batting: RHB Hugo Bautista
|
0-0: Ball 1-0: Ball 2-0: Called Strike 2-1: Ball 3-1: Foul Ball, location: 2F 3-2: Base on Balls Bran Stark to second
|
Pitching: RHP Ryan Columbo
|
|
Batting: RHB Mike Salmon
|
0-0: Ball 1-0: Swinging Strike 1-1: Swinging Strike 1-2: Strikes out looking
|
Batting: LHB Austin Ohmer
|
0-0: Ball 1-0: Swinging Strike 1-1: Ball 2-1: SINGLE (Line Drive, 4MD, EV 96.9 MPH) Bran Stark to third Hugo Bautista to second Runner from 3rd tries for Home, SAFE, throw by CF to home Hugo Bautista to third Austin Ohmer to second
|
Batting: RHB John Ham
|
0-0: Ball 1-0: Foul Ball, location: 2F 1-1: Ground out 6-3 (Groundball, 15, EV 91.9 MPH)
|
Batting: LHB Jimmy Buscemi
|
0-0: Foul Ball, location: 2F 0-1: Foul Ball, location: 2F 0-2: Strikes out swinging
|
Bottom of the 5th over - 1 run, 1 hit, 0 errors, 2 left on base; Chicago 4 - Montreal 3 |
TOP OF THE 6TH |
Chicago White Sox batting - Pitching for Montreal Expos : RHP Ben Sheets
|
Batting: RHB Jason Moss
|
0-0: Foul Ball, location: 2F 0-1: Foul Ball, location: 2F 0-2: Foul Ball, location: 2F 0-2: Ball 1-2: Foul Ball, location: 2F 1-2: Foul Ball, location: 2F 1-2: Strikes out looking
|
Batting: SHB Eduardo Maldonado
|
0-0: Ground out 6-3 (Groundball, 6, EV 88.8 MPH)
|
Batting: RHB Charles Marcel
|
0-0: Reached on error, E3 (Groundball, 34, EV 88.1 MPH)
|
Batting: LHB Antonio Figueroa
|
0-0: Ball Charles Marcel steals 2nd base 1-0: Intentional Walk
|
Batting: RHB Steve Castleberry
|
0-0: Called Strike 0-1: Ground out U3 (Groundball, 34S, EV 87.5 MPH)
|
Top of the 6th over - 0 runs, 0 hits, 1 error, 2 left on base; Chicago 4 - Montreal 3 |
BOTTOM OF THE 6TH |
Montreal Expos batting - Pitching for Chicago White Sox : RHP Ryan Columbo
|
Batting: RHB Robby Juarez
|
0-0: Called Strike 0-1: Called Strike 0-2: Foul Ball, location: 2F 0-2: Strikes out looking
|
Batting: LHB Steve Anderson
|
0-0: Called Strike 0-1: SINGLE (Groundball, 56D, EV 102.5 MPH)
|
Batting: RHB Eugênio Asceno
|
0-0: Ball 1-0: Called Strike Steve Anderson steals 2nd base 1-1: Called Strike 1-2: Ball 2-2: Ball 3-2: Fly out, F7 (Flyball, 7S, EV 79.4 MPH)
|
Pitching: RHP Adam Ratcliff
|
|
Batting: SHB Bran Stark
|
0-0: Foul Ball, location: 2F 0-1: Ball 1-1: Swinging Strike 1-2: Ball 2-2: Ball 3-2: Strikes out swinging
|
Bottom of the 6th over - 0 runs, 1 hit, 0 errors, 1 left on base; Chicago 4 - Montreal 3 |
TOP OF THE 7TH |
Chicago White Sox batting - Pitching for Montreal Expos : RHP Ben Sheets
|
Pitching: LHP Anass Rhammar
|
|
Batting: RHB Dieter Knoops
|
0-0: Swinging Strike 0-1: Foul Ball, location: 2F 0-2: Strikes out swinging
|
Batting: RHB Joseph Disepolo
|
0-0: Swinging Strike 0-1: Ball 1-1: Ball 2-1: Ball 3-1: Foul Ball, location: 2F 3-2: TRIPLE (Line Drive, 78XD, EV 95.6 MPH)
|
Batting: LHB Randy Rosenberry
|
0-0: Intentional Walk
|
Batting: RHB Chris Cooper
|
0-0: Called Strike 0-1: Ball 1-1: Called Strike 1-2: Fly out, F9 (Flyball, 9D, EV 89.4 MPH) Runner from 3rd tags up, SCORES, throw by RF
|
Batting: RHB Jason Moss
|
0-0: Ball 1-0: Ball 2-0: Ball 3-0: Foul Ball, location: 2F 3-1: Base on Balls Randy Rosenberry to second
|
Batting: SHB Eduardo Maldonado
|
0-0: Ball 1-0: Ball 2-0: Fly out, F5 (Popup, 5SF, EV 73.1 MPH)
|
Top of the 7th over - 1 run, 1 hit, 0 errors, 2 left on base; Chicago 5 - Montreal 3 |
BOTTOM OF THE 7TH |
Montreal Expos batting - Pitching for Chicago White Sox : RHP Adam Ratcliff
|
Pitching: LHP Ryan Daidone
|
|
Batting: RHB Hugo Bautista
|
0-0: Ball 1-0: Called Strike 1-1: Ground out 3-1 (Groundball, 34S, EV 87.5 MPH)
|
Batting: RHB Mike Salmon
|
0-0: Called Strike 0-1: Foul Ball, location: 2F 0-2: Ball 1-2: Fly out, F9 (Flyball, 89D, EV 92.5 MPH)
|
Batting: LHB Austin Ohmer
|
0-0: Swinging Strike 0-1: Foul Ball, location: 2F 0-2: Strikes out swinging
|
Bottom of the 7th over - 0 runs, 0 hits, 0 errors, 0 left on base; Chicago 5 - Montreal 3 |
TOP OF THE 8TH |
Chicago White Sox batting - Pitching for Montreal Expos : LHP Anass Rhammar
|
Batting: RHB Charles Marcel
|
0-0: Called Strike 0-1: Ball 1-1: Swinging Strike 1-2: Reached on error, E6 (Groundball, 56D, EV 81.9 MPH)
|
Batting: LHB Antonio Figueroa
|
0-0: Ball 1-0: Sac Bunt to 2R - play at first, batter OUT! 2-3 Charles Marcel to second
|
Batting: RHB Steve Castleberry
|
0-0: Ball 1-0: Fly out, F9 (Flyball, 9S, EV 87.5 MPH)
|
Batting: RHB Dieter Knoops
|
0-0: SINGLE (Groundball, 56D, EV 96.9 MPH) Charles Marcel to third Runner from 3rd tries for Home, SAFE, throw by LF to home
|
Now in LF: Pete Barutha
|
|
Batting: RHB Joseph Disepolo
|
0-0: Ball Dieter Knoops is caught stealing 2nd base 2-4
|
Top of the 8th over - 1 run, 1 hit, 1 error, 0 left on base; Chicago 6 - Montreal 3 |
BOTTOM OF THE 8TH |
Montreal Expos batting - Pitching for Chicago White Sox : LHP Ryan Daidone
|
Batting: SHB Pete Barutha
|
0-0: Swinging Strike 0-1: Ball 1-1: Foul Ball, location: 2F 1-2: Foul Ball, location: 2F 1-2: Ball 2-2: Strikes out looking
|
Pinch Hitting: RHB Alex Rodriguez Jr.
|
0-0: Foul Ball, location: 2F 0-1: Ball 1-1: Swinging Strike 1-2: Ball 2-2: Ball 3-2: Foul Ball, location: 2F 3-2: Foul Ball, location: 2F 3-2: Base on Balls
|
Batting: RHB Robby Juarez
|
0-0: Ball 1-0: Foul Ball, location: 2F 1-1: Ball 2-1: Fielders Choice at 2nd, 3-6 (Groundball, 34, EV 93.1 MPH)
|
Pitching: RHP Zach Ault
|
|
Batting: LHB Steve Anderson
|
0-0: Called Strike 0-1: Ball 1-1: Ball Pickoff Throw to First - Out! 1-3
|
Bottom of the 8th over - 0 runs, 0 hits, 0 errors, 0 left on base; Chicago 6 - Montreal 3 |
TOP OF THE 9TH |
Chicago White Sox batting - Pitching for Montreal Expos : LHP Anass Rhammar
|
Pitching: RHP Joel Montenegro
|
|
Now at 1B: Alex Rodriguez Jr.
|
|
Batting: RHB Joseph Disepolo
|
0-0: Ball 1-0: Foul Ball, location: 2F 1-1: DOUBLE (Line Drive, 78D, EV 106.2 MPH)
|
Batting: LHB Randy Rosenberry
|
0-0: Intentional Walk
|
Batting: RHB Chris Cooper
|
0-0: Ground out 5-3 (Groundball, 56S, EV 65.0 MPH) Joseph Disepolo to third Randy Rosenberry to second
|
Batting: RHB Jason Moss
|
0-0: Called Strike 0-1: Swinging Strike 0-2: Strikes out looking
|
Batting: SHB Eduardo Maldonado
|
0-0: Intentional Walk
|
Batting: RHB Charles Marcel
|
0-0: Fielders Choice at 2nd, 5-4 (Groundball, 56, EV 83.8 MPH)
|
Top of the 9th over - 0 runs, 1 hit, 0 errors, 3 left on base; Chicago 6 - Montreal 3 |
BOTTOM OF THE 9TH |
Montreal Expos batting - Pitching for Chicago White Sox : RHP Zach Ault
|
Batting: LHB Steve Anderson
|
0-0: Called Strike 0-1: Ball 1-1: Called Strike 1-2: Ball 2-2: Strikes out swinging
|
Batting: RHB Eugênio Asceno
|
0-0: Ball 1-0: Called Strike 1-1: Bunted foul 1-2: Ground out 6-3 (Groundball, 6, EV 81.2 MPH)
|
Batting: SHB Bran Stark
|
0-0: Swinging Strike 0-1: Foul Ball, location: 2F 0-2: Foul Ball, location: 2F 0-2: Strikes out swinging
|
Bottom of the 9th over - 0 runs, 0 hits, 0 errors, 0 left on base; Chicago 6 - Montreal 3 |
|